 Dungeon Sprint DCSS version 0.19.0-24-gb05acd6 (webtiles) character file.

5700000 igo the Axe Maniac (level 27, -13/272 (273) HPs)
             Began as a Ghoul Warper on Nov 22, 2016.
             Was the Champion of Makhleb.
             Mangled by a destroyer
             ... wielding a +9 great sword of slicing
              (65 damage)
             ... in the Dungeon (Sprint VIII: "Arena of Blood").
             The game lasted 00:02:15 (57 turns).

igo the Axe Maniac (Ghoul Warper)                     Turns: 57, Time: 00:02:15

HP:   -13/272 (273) AC:  6    Str: 19    XL:     27
MP:   15/53         EV: 24    Int: 17    God:    Makhleb [******]
Gold: 0             SH:  0    Dex:  8    Spells: 0 memorised, 80 levels left

rFire  . . .     SeeInvis +     l - +∞ Axe of Woe
rCold  + . .     Gourm    .     b - +0 leather armour
rNeg   + + +     Faith    .     (shield currently unavailable)
rPois  ∞         Spirit   .     (no helmet)
rElec  .         Reflect  .     (no cloak)
rCorr  .         Harm     .     (no gloves)
MR     ++...     NoTele   +     (no boots)
Stlth  +++++++++.               (no amulet)
                                (no ring)
                                m - ring of see invisible

@: rotting
A: rotting body, claws 1, carnivore 3, cold resistance 1, negative energy
resistance 3, slow regeneration 1, torment resistance, unbreathing
a: Minor Destruction, Lesser Servant of Makhleb, Major Destruction, Greater
Servant of Makhleb, Renounce Religion


You were in the Dungeon.
You worshipped Makhleb.
Makhleb was exalted by your worship.
You were not hungry.

You visited 1 branch

Inventory:

Hand Weapons
 a - a +0 hand axe
 l - the +∞ Axe of Woe (weapon)
   (You found it in the Dungeon)
Missiles
 e - 5 tomahawks of dispersal (quivered)
Armour
 b - a +0 leather armour (worn)
Jewellery
 m - a ring of see invisible (left claw)
Scrolls
 d - 2 scrolls of blinking
Potions
 g - a potion of curing
 h - a potion of heal wounds
 i - a potion of haste
 j - 2 potions of magic
 k - a potion of berserk rage
Books
 c - a book of Spatial Translocations

   Spells                             Type                      Level
   a - Blink                          Translocation                2
   b - Shroud of Golubria             Charms/Translocation         2
   c - Lesser Beckoning               Translocation                3
   d - Portal Projectile              Translocation                3
   e - Teleport Other                 Translocation                3
   f - Passage of Golubria            Translocation                4
Comestibles
 f - a meat ration


   Skills:
 O Level 27 Fighting
 O Level 27 Axes
 O Level 27 Throwing
 O Level 27 Armour
 O Level 27 Dodging
 O Level 27 Stealth
 O Level 27 Unarmed Combat
 O Level 27 Spellcasting
   Level 2.6 Translocations
 O Level 27 Invocations


You had 80 spell levels left.
You didn't know any spells.

Dungeon Overview and Level Annotations

Branches:
Dungeon (1/1)

Altars:
Makhleb


Innate Abilities, Weirdness & Mutations

Your body is rotting away.
You thrive on raw meat.
You are immune to poison.
You have sharp fingernails.
You are carnivorous and can eat meat at any time.
Your flesh is cold resistant. (rC+)
You are immune to negative energy. (rN+++)
You regenerate slowly when monsters are visible.
You are immune to unholy pain and torment.
You can survive without breathing.


Message History

You have reached level 27, the final one!
Your experience leads to an increase in your attributes!
Increase (S)trength, (I)ntelligence, or (D)exterity?
You feel clever.
You slash the meat berserker!
You dissect the meat berserker like a pig carcass.
You kill the meat berserker!
Makhleb accepts your kill.
You hit the bag of meat.
You cleave the bag of meat in twain.
You kill the bag of meat!
Makhleb accepts your kill.
You hear a shout! x4
An accursed comes into view. 2 orcs and a hill giant come into view.
The large bag of meat shouts!
You hear a shout! x3
The corpses begin to drag themselves along the ground!
The destroyer hits you with a +9 great sword of slicing!!!!!
Ouch! That really hurt!
* * * LOW HITPOINT WARNING * * *
You die...

################
####....xx)§§....%.
#....%..§))§§§..V..
........##@##§#####
........V........
o####.oxo.##z##...
#...o...)....D...%.
.#...oo)....#.#..D..
#..C...............
..#....M............
...#.......)X.......
.........)))........


You could see an accursed (wandering), an eight-headed meat hydra, 2 destroyers,
a sculptor of flesh, a large bag of meat (inner flame), a small abomination, 5
bags of meat and 2 crawling corpses.

Vanquished Creatures
  6 vampire knights (D)
  9 ogres (D)
  A hydra (D)
  33 orcs (D)
  A hill giant (D)
  A skeletal warrior (D)
  A large abomination (D)
  4 crawling corpses (D)
56 creatures vanquished.

Notes
Turn   | Place    | Note
-------+----------+-------------------------------------------
     0 | D        | igo the Ghoul Warper began the quest for the Orb.
     0 | D        | Reached XP level 1. HP: 17/17 MP: 2/2
     4 | D        | Became a worshipper of Makhleb the Destroyer
     5 | D        | Noticed a bag of meat
     7 | D        | Noticed a bag of meat
     8 | D        | Killed a bag of meat
     8 | D        | Reached XP level 2. HP: 47/47 MP: 2/15
     8 | D        | Reached XP level 3. HP: 53/53 MP: 2/16
     8 | D        | Reached XP level 4. HP: 61/61 MP: 2/18
     8 | D        | Reached XP level 5. HP: 68/68 MP: 2/19
     8 | D        | Reached XP level 6. HP: 75/75 MP: 2/21
     8 | D        | Reached XP level 7. HP: 82/82 MP: 2/22
     8 | D        | Reached XP level 8. HP: 90/90 MP: 2/24
     8 | D        | Reached XP level 9. HP: 96/96 MP: 2/25
     8 | D        | Reached XP level 10. HP: 104/104 MP: 2/26
     8 | D        | Reached XP level 11. HP: 111/111 MP: 2/27
     8 | D        | Reached XP level 12. HP: 118/118 MP: 2/28
     9 | D        | Noticed a bag of meat
     9 | D        | Noticed a meat berserker
     9 | D        | Killed a bag of meat
     9 | D        | Reached * piety under Makhleb
     9 | D        | Reached skill level 15 in Axes
     9 | D        | Reached skill level 5 in Throwing
     9 | D        | Reached skill level 5 in Armour
     9 | D        | Reached skill level 15 in Spellcasting
     9 | D        | Reached XP level 13. HP: 130/130 MP: 2/31
    10 | D        | Noticed a bag of meat
    10 | D        | Noticed a bag of meat
    10 | D        | Noticed a bag of meat
    11 | D        | Noticed a bag of meat
    11 | D        | Noticed a bag of meat
    11 | D        | Noticed a bag of meat
    11 | D        | Killed a meat berserker
    11 | D        | Reached XP level 14. HP: 146/146 MP: 2/34
    13 | D        | Noticed a bag of meat
    13 | D        | Noticed a bag of meat
    13 | D        | Noticed a bag of meat
    14 | D        | Killed a bag of meat
    14 | D        | Reached XP level 15. HP: 121/155 MP: 3/36
    14 | D        | Reached ** piety under Makhleb
    14 | D        | Reached XP level 16. HP: 167/167 MP: 3/39
    17 | D        | Noticed a meat berserker
    17 | D        | Reached *** piety under Makhleb
    17 | D        | Reached XP level 17. HP: 180/180 MP: 4/42
    17 | D        | Reached **** piety under Makhleb
    19 | D        | Noticed a destroyer
    19 | D        | Reached XP level 18. HP: 194/194 MP: 5/44
    19 | D        | Reached skill level 10 in Armour
    20 | D        | Killed a meat berserker
    20 | D        | Reached skill level 27 in Fighting
    20 | D        | Reached skill level 27 in Axes
    20 | D        | Reached skill level 10 in Throwing
    20 | D        | Reached ***** piety under Makhleb
    20 | D        | Reached XP level 19. HP: 207/207 MP: 5/48
    21 | D        | Reached skill level 27 in Spellcasting
    21 | D        | Reached skill level 27 in Dodging
    23 | D        | Noticed a destroyer
    23 | D        | Reached XP level 20. HP: 216/216 MP: 5/50
    25 | D        | Noticed a meat berserker
    25 | D        | Killed a destroyer
    26 | D        | Noticed a meat berserker
    27 | D        | Reached XP level 21. HP: 224/224 MP: 6/51
    29 | D        | Noticed an eight-headed meat hydra
    29 | D        | Noticed a meat berserker
    30 | D        | Noticed a destroyer
    31 | D        | Noticed a meat berserker
    32 | D        | Noticed a meat berserker
    32 | D        | Killed a meat berserker
    32 | D        | Reached ****** piety under Makhleb
    32 | D        | Reached skill level 27 in Throwing
    32 | D        | Reached skill level 27 in Armour
    32 | D        | Killed a nine-headed meat hydra
    32 | D        | Reached skill level 15 in Unarmed Combat
    32 | D        | Reached skill level 15 in Invocations
    32 | D        | Reached XP level 22. HP: 233/233 MP: 8/52
    36 | D        | Noticed a destroyer
    38 | D        | Noticed a destroyer
    39 | D        | Killed a destroyer
    40 | D        | Reached skill level 27 in Stealth
    40 | D        | Reached XP level 23. HP: 240/240 MP: 10/53
    41 | D        | Reached skill level 27 in Unarmed Combat
    41 | D        | Reached skill level 27 in Invocations
    42 | D        | Killed a destroyer
    42 | D        | Reached XP level 24. HP: 249/249 MP: 11/53
    44 | D        | Killed a destroyer
    44 | D        | Reached XP level 25. HP: 257/257 MP: 11/53
    46 | D        | Killed a destroyer
    47 | D        | Noticed a destroyer
    50 | D        | Reached XP level 26. HP: 258/265 MP: 13/53
    51 | D        | Noticed a destroyer
    56 | D        | Noticed a destroyer
    56 | D        | Killed a destroyer
    56 | D        | Reached XP level 27. HP: 272/272 MP: 14/53
    57 | D        | Noticed an accursed
    57 | D        | Mangled by a destroyer

Skill      XL: |  1  2  3  4  5  6  7  8  9 10 11 12 13 14 15 16 17 18 19 20 21 22 23 |
---------------+----------------------------------------------------------------------+-----
Fighting       | 14 16 19 20 21 23 25 27 | 27.0
Axes           | 13 15 18 19 20 23 25 27 | 27.0
Throwing       | 4 5 6 7 8 9 10 18 25 27 | 27.0
Armour         | 4 5 6 7 8 9 10 18 25 27 | 27.0
Dodging        | 12 14 16 17 18 20 21 24 27 | 27.0
Spellcasting   | 13 15 17 18 20 22 23 26 27 | 27.0
Stealth        | 16 27 | 27.0
Unarmed Combat | 15 26 27 | 27.0
Invocations    | 15 26 27 | 27.0
Translocations | |  2.6

Action                   |  1- 3 |  4- 6 |  7- 9 | 10-12 | 13-15 | 16-18 | 19-21 | 22-24 | 25-27 || total
-------------------------+-------+-------+-------+-------+-------+-------+-------+-------+-------++-------
Melee: Executioner's axe |     1 |       |       |     1 |     2 |     4 |     6 |     6 |     9 ||    29
Dodge: Dodged            |       |       |       |       |       |     1 |     1 |       |       ||     2
